SL
NEW ORLEANS VOODOO @ THUNDER BAY NORTHERN LIONS BC
05/18/2034
 
TOP OF THE 1ST
New Orleans Voodoo batting - Pitching for Thunder Bay Northern Lions BC : RHP Juan Guillén
Pitching: RHP Juan Guillén
Batting: RHB Griffin Woodfinlevine 0-0: Called Strike
0-1: Ball
1-1: Swinging Strike
1-2: Foul Ball, location: 2F
1-2: Fly out, F8 (Flyball, 8RM)
Batting: RHB Gilberto Juárez 0-0: Called Strike
0-1: Ball
1-1: Swinging Strike
1-2: Foul Ball, location: 2F
1-2: Foul Ball, location: 2F
1-2: Foul Ball, location: 2F
1-2: Ball
2-2: Ball
3-2: Foul Ball, location: 2F
3-2: Strikes out swinging
Batting: LHB Chris McKinney 0-0: Called Strike
0-1: Swinging Strike
0-2: SOLO HOME RUN (Flyball, 9LD), Distance : 425 ft
Batting: RHB Guy Toussaint 0-0: Called Strike
0-1: Ground out 4-3 (Groundball, 4MD)
Top of the 1st over - 1 run, 1 hit, 0 errors, 0 left on base; New Orleans 1 - Thunder Bay 0
BOTTOM OF THE 1ST
Thunder Bay Northern Lions BC batting - Pitching for New Orleans Voodoo : RHP Eddie Kop
Pitching: RHP Eddie Kop
Batting: RHB Rafael Pueblo 0-0: Ball
1-0: Ball
2-0: Ball
3-0: Called Strike
3-1: Called Strike
3-2: SINGLE (Line Drive, 78M)
Batting: LHB Luis Freitas 0-0: Ball
1-0: Ball
2-0: Fly out, F3 (Line Drive, 3S)
Batting: RHB Augusto Encarnación 0-0: Ball
Rafael Pueblo steals 2nd base
1-0: Swinging Strike
1-1: Fly out, F8 (Flyball, 8RD)
Batting: RHB António Mendoza 0-0: Swinging Strike
0-1: Ground out 6-3 (Groundball, 56)
Bottom of the 1st over - 0 runs, 1 hit, 0 errors, 1 left on base; New Orleans 1 - Thunder Bay 0
TOP OF THE 2ND
New Orleans Voodoo batting - Pitching for Thunder Bay Northern Lions BC : RHP Juan Guillén
Batting: RHB Sergio Vásquez 0-0: Ball
1-0: Ball
2-0: Called Strike
2-1: Foul Ball, location: 2F
2-2: Fly out, F8 (Flyball, 8RS)
Batting: RHB Claudio Tappen 0-0: SINGLE (Groundball, 6MD)
Batting: RHB Orlando Velásquez 0-0: Ball
Throwing error on steal attempt, E2
Claudio Tappen to third
1-0: Called Strike
1-1: Called Strike
1-2: Strikes out looking
Batting: RHB Hyeon-cheong Kim 0-0: Called Strike
0-1: Ball
1-1: Ball
2-1: Swinging Strike
2-2: Ground out 1-3 (Groundball, 13S)
Top of the 2nd over - 0 runs, 1 hit, 1 error, 1 left on base; New Orleans 1 - Thunder Bay 0
BOTTOM OF THE 2ND
Thunder Bay Northern Lions BC batting - Pitching for New Orleans Voodoo : RHP Eddie Kop
Batting: RHB Edgar Balerio 0-0: SINGLE (Line Drive, 8RS)
Batting: RHB Kasper Schuilenberg 0-0: Ball
1-0: Ball
2-0: Fly out, F8 (Flyball, 89D)
Batting: SHB Robert La Caze 0-0: Ball
1-0: SINGLE (Groundball, 56D)
Edgar Balerio to second
Batting: RHB Ramón Degollado 0-0: Ball
1-0: Ball
2-0: Fielders Choice at 2nd, 6-4 (Groundball, 6)
Edgar Balerio to third
Batting: LHB David Smith 0-0: Ball
1-0: Ball
2-0: Ball
3-0: Called Strike
3-1: SINGLE (Line Drive, 89S)
Edgar Balerio scores
Ramón Degollado to second
Batting: RHB Rafael Pueblo 0-0: Ball
1-0: Ball
2-0: Called Strike
2-1: Ball
3-1: Fly out, F7 (Flyball, 78D)
Bottom of the 2nd over - 1 run, 3 hits, 0 errors, 2 left on base; New Orleans 1 - Thunder Bay 1
TOP OF THE 3RD
New Orleans Voodoo batting - Pitching for Thunder Bay Northern Lions BC : RHP Cory Sanders
Pitching: RHP Cory Sanders
Batting: RHB Colm Goodwill 0-0: Fly out, F7 (Flyball, 7LM)
Batting: RHB Griffin Woodfinlevine 0-0: Called Strike
0-1: Foul Ball, location: 2F
0-2: Ball
1-2: Fly out, F9 (Line Drive, 9D)
Batting: RHB Gilberto Juárez 0-0: Ball
1-0: Ball
2-0: Ground out 6-3 (Groundball, 6)
Top of the 3rd over - 0 runs, 0 hits, 0 errors, 0 left on base; New Orleans 1 - Thunder Bay 1
BOTTOM OF THE 3RD
Thunder Bay Northern Lions BC batting - Pitching for New Orleans Voodoo : RHP Eddie Kop
Batting: LHB Luis Freitas 0-0: SINGLE (Line Drive, 34)
Batting: RHB Augusto Encarnación 0-0: Called Strike
0-1: Grounds into double play, 6-4-3 (Groundball, 6M)
Batting: RHB António Mendoza 0-0: Ground out 5-3 (Groundball, 56)
Bottom of the 3rd over - 0 runs, 1 hit, 0 errors, 0 left on base; New Orleans 1 - Thunder Bay 1
TOP OF THE 4TH
New Orleans Voodoo batting - Pitching for Thunder Bay Northern Lions BC : RHP Cory Sanders
Batting: LHB Chris McKinney 0-0: Ball
1-0: SINGLE (Groundball, 34D)
Batting: RHB Guy Toussaint 0-0: SINGLE (Line Drive, 56D)
Chris McKinney to second
Batting: RHB Sergio Vásquez 0-0: Foul Ball, location: 2F
0-1: Ball
1-1: Swinging Strike
1-2: Grounds into double play, 6-4-3 (Groundball, 6)
Chris McKinney to third
Batting: RHB Claudio Tappen 0-0: Called Strike
0-1: Called Strike
0-2: DOUBLE (Line Drive, 7LD)
Chris McKinney scores
Batting: RHB Orlando Velásquez 0-0: Ball
1-0: Called Strike
1-1: Foul Ball, location: 2F
1-2: Ball
2-2: Ball
3-2: Foul Ball, location: 2F
3-2: Ground out U3 (Groundball, 3)
Top of the 4th over - 1 run, 3 hits, 0 errors, 1 left on base; New Orleans 2 - Thunder Bay 1
BOTTOM OF THE 4TH
Thunder Bay Northern Lions BC batting - Pitching for New Orleans Voodoo : RHP Eddie Kop
Batting: RHB Edgar Balerio 0-0: Ball
1-0: Fly out, F3 (Popup, 3S)
Batting: RHB Kasper Schuilenberg 0-0: Foul Ball, location: 2F
0-1: Called Strike
0-2: Ball
1-2: Ground out 4-3 (Groundball, 4)
Batting: SHB Robert La Caze 0-0: Ball
1-0: Called Strike
1-1: Ball
2-1: Ball
3-1: Ground out U3 (Groundball, 34)
Bottom of the 4th over - 0 runs, 0 hits, 0 errors, 0 left on base; New Orleans 2 - Thunder Bay 1
TOP OF THE 5TH
New Orleans Voodoo batting - Pitching for Thunder Bay Northern Lions BC : RHP Cory Sanders
Batting: RHB Hyeon-cheong Kim 0-0: Ball
1-0: Ball
2-0: Foul Ball, location: 2F
2-1: Ball
3-1: SINGLE (Groundball, 6MD)
Batting: RHB Colm Goodwill 0-0: Sac Bunt - play at first, batter OUT! 5-3
Hyeon-cheong Kim to second
Batting: RHB Griffin Woodfinlevine 0-0: Called Strike
0-1: Ball
1-1: DOUBLE (Line Drive, 9D)
Hyeon-cheong Kim scores
Batting: RHB Gilberto Juárez 0-0: Ball
1-0: Swinging Strike
1-1: Called Strike
1-2: Ball
2-2: Fly out, F9 (Flyball, 9S)
Batting: LHB Chris McKinney 0-0: Ground out 4-3 (Groundball, 4)
Top of the 5th over - 1 run, 2 hits, 0 errors, 1 left on base; New Orleans 3 - Thunder Bay 1
BOTTOM OF THE 5TH
Thunder Bay Northern Lions BC batting - Pitching for New Orleans Voodoo : RHP Eddie Kop
Batting: RHB Ramón Degollado 0-0: Swinging Strike
0-1: Called Strike
0-2: Strikes out swinging
Batting: LHB David Smith 0-0: Called Strike
0-1: Ball
1-1: Foul Ball, location: 2F
1-2: Ball
2-2: Ball
3-2: Ground out 1-3 (Groundball, P)
Batting: RHB Rafael Pueblo 0-0: Ball
1-0: Fly out, F9 (Flyball, 9S)
Bottom of the 5th over - 0 runs, 0 hits, 0 errors, 0 left on base; New Orleans 3 - Thunder Bay 1
TOP OF THE 6TH
New Orleans Voodoo batting - Pitching for Thunder Bay Northern Lions BC : RHP Cory Sanders
Pitching: RHP Armando Marrero
Batting: RHB Guy Toussaint 0-0: DOUBLE (Flyball, 78XD)
Batting: RHB Sergio Vásquez 0-0: Ball
1-0: Ball
2-0: Ball
3-0: Called Strike
3-1: Base on Balls
Batting: RHB Claudio Tappen 0-0: Ball
1-0: Foul Ball, location: 2F
1-1: Fielders Choice at 2nd, 3-6 (Groundball, 34)
Guy Toussaint to third
Batting: RHB Orlando Velásquez 0-0: Ball
1-0: Ball
2-0: Foul Ball, location: 2F
2-1: Called Strike
Claudio Tappen steals 2nd base
2-2: Strikes out swinging
Batting: RHB Hyeon-cheong Kim 0-0: Ball
1-0: Foul Ball, location: 2F
1-1: Foul Ball, location: 2F
1-2: Ball
2-2: Ball
3-2: Foul Ball, location: 2F
3-2: Strikes out swinging
Top of the 6th over - 0 runs, 1 hit, 0 errors, 2 left on base; New Orleans 3 - Thunder Bay 1
BOTTOM OF THE 6TH
Thunder Bay Northern Lions BC batting - Pitching for New Orleans Voodoo : RHP Eddie Kop
Batting: LHB Luis Freitas 0-0: Ball
1-0: Fly out, F4 (Popup, 4)
Batting: RHB Augusto Encarnación 0-0: Called Strike
0-1: Ball
1-1: Swinging Strike
1-2: Strikes out swinging
Batting: RHB António Mendoza 0-0: Ball
1-0: Called Strike
1-1: Called Strike
1-2: SINGLE (Line Drive, 8RS)
Batting: RHB Edgar Balerio 0-0: Ball
1-0: Called Strike
1-1: Swinging Strike
1-2: Foul Ball, location: 2F
1-2: Ball
2-2: Foul Ball, location: 2F
2-2: Strikes out swinging
Bottom of the 6th over - 0 runs, 1 hit, 0 errors, 1 left on base; New Orleans 3 - Thunder Bay 1
TOP OF THE 7TH
New Orleans Voodoo batting - Pitching for Thunder Bay Northern Lions BC : RHP Armando Marrero
Batting: RHB Colm Goodwill 0-0: Ball
1-0: Called Strike
1-1: Ball
2-1: Ground out 5-3 (Groundball, 5L)
Batting: RHB Griffin Woodfinlevine 0-0: Ball
1-0: Foul Ball, location: 2F
1-1: Ground out U3 (Groundball, 34)
Batting: RHB Gilberto Juárez 0-0: Called Strike
0-1: Foul Ball, location: 2F
0-2: Strikes out swinging
Top of the 7th over - 0 runs, 0 hits, 0 errors, 0 left on base; New Orleans 3 - Thunder Bay 1
BOTTOM OF THE 7TH
Thunder Bay Northern Lions BC batting - Pitching for New Orleans Voodoo : RHP Eddie Kop
Batting: RHB Kasper Schuilenberg 0-0: Ball
1-0: Foul Ball, location: 2F
1-1: Called Strike
1-2: Strikes out swinging
Batting: SHB Robert La Caze 0-0: Ball
1-0: Called Strike
1-1: Swinging Strike
1-2: Ball
2-2: Foul Ball, location: 2F
2-2: Strikes out looking
Batting: RHB Ramón Degollado 0-0: Called Strike
0-1: Foul Ball, location: 2F
0-2: Ball
1-2: Strikes out swinging
Bottom of the 7th over - 0 runs, 0 hits, 0 errors, 0 left on base; New Orleans 3 - Thunder Bay 1
TOP OF THE 8TH
New Orleans Voodoo batting - Pitching for Thunder Bay Northern Lions BC : RHP Armando Marrero
Batting: LHB Chris McKinney 0-0: Ball
1-0: Ball
2-0: Foul Ball, location: 2F
2-1: Foul Ball, location: 2F
2-2: Ground out U3 (Groundball, 3L)
Batting: RHB Guy Toussaint 0-0: Ball
1-0: Ball
2-0: SOLO HOME RUN (Flyball, 7D), Distance : 396 ft
Batting: RHB Sergio Vásquez 0-0: Called Strike
0-1: Swinging Strike
0-2: Ball
1-2: SINGLE (Groundball, 56D)
Batting: RHB Claudio Tappen 0-0: Ball
1-0: DOUBLE (Groundball, 5L)
Sergio Vásquez to third
Runner from 3rd tries for Home, SAFE, no throw
Pitching: RHP Ji Jing
Batting: RHB Orlando Velásquez 0-0: Called Strike
0-1: Foul Ball, location: 2F
0-2: Fly out, F8 (Flyball, 8LD)
Batting: RHB Hyeon-cheong Kim 0-0: Ball
1-0: Ball
2-0: Ground out 4-3 (Groundball, 4)
Top of the 8th over - 2 runs, 3 hits, 0 errors, 1 left on base; New Orleans 5 - Thunder Bay 1
BOTTOM OF THE 8TH
Thunder Bay Northern Lions BC batting - Pitching for New Orleans Voodoo : RHP Eddie Kop
Batting: LHB David Smith 0-0: Ball
1-0: Swinging Strike
1-1: Foul Ball, location: 2F
1-2: Strikes out swinging
Batting: RHB Rafael Pueblo 0-0: Ground out 5-3 (Groundball, 56)
Batting: LHB Luis Freitas 0-0: Fly out, F9 (Flyball, 9S)
Bottom of the 8th over - 0 runs, 0 hits, 0 errors, 0 left on base; New Orleans 5 - Thunder Bay 1
TOP OF THE 9TH
New Orleans Voodoo batting - Pitching for Thunder Bay Northern Lions BC : RHP Ji Jing
Batting: RHB Colm Goodwill 0-0: Ball
1-0: Swinging Strike
1-1: Foul Ball, location: 2F
1-2: Foul Ball, location: 2F
1-2: Ball
2-2: Foul Ball, location: 2F
2-2: Ball
3-2: Foul Ball, location: 2F
3-2: Foul Ball, location: 2F
3-2: Ground out 1-3 (Groundball, 15S)
Batting: RHB Griffin Woodfinlevine 0-0: Ball
1-0: Ball
2-0: Called Strike
2-1: Ground out 4-3 (Groundball, 4)
Batting: RHB Gilberto Juárez 0-0: Ground out 4-3 (Groundball, 34D)
Top of the 9th over - 0 runs, 0 hits, 0 errors, 0 left on base; New Orleans 5 - Thunder Bay 1
BOTTOM OF THE 9TH
Thunder Bay Northern Lions BC batting - Pitching for New Orleans Voodoo : RHP Eddie Kop
Batting: RHB Augusto Encarnación 0-0: Ball
1-0: Fly out, F7 (Flyball, 7S)
Batting: RHB António Mendoza 0-0: Ball
1-0: Foul Ball, location: 2F
1-1: Swinging Strike
1-2: Ball
2-2: Strikes out looking
Batting: RHB Edgar Balerio 0-0: Swinging Strike
0-1: Ball
1-1: Ball
2-1: Ball
3-1: Called Strike
3-2: Strikes out looking
Bottom of the 9th over - 0 runs, 0 hits, 0 errors, 0 left on base; New Orleans 5 - Thunder Bay 1
Friday, March 29th, 2019 - OOTP Baseball 18.8 Build 76